 Dungeon Crawl Stone Soup version 0.29-a0-2-g12fcac58f8 (webtiles) character file.

Game seed: 3159637569086719795

29000 HallandMoats the Grappler (level 13, -12/116 HPs)
             Began as a Ghoul Monk on Jan 27, 2022.
             Was an Elder of Qazlal.
             Mangled by a boulder beetle (23 damage)
             ... on level 13 of the Dungeon.
             The game lasted 00:24:56 (19015 turns).

HallandMoats the Grappler (Ghoul Monk)             Turns: 19015, Time: 00:24:57

Health: -12/116    AC: 12    Str: 31    XL:     13   Next: 42%
Magic:  29/29      EV: 18    Int: 14    God:    Qazlal [****..]
Gold:   710        SH: 12    Dex: 21    Spells: 12/12 levels left

rFire   . . .      SeeInvis +     - Unarmed
rCold   + + +      Faith    .   k - +1 buckler of Infinity {rElec MP+9 Int+9}
rNeg    + + +      Spirit   .   C - +4 skin of Zhor {*Englaciate rC+++ SInv}
rPois   ∞          Reflect  .   t - +0 helmet
rElec   +          Harm     .   d - +2 cloak
rCorr   .          Rampage  .   (no gloves)
Will    .....                   f - +0 pair of boots of Amelioration {rN+ Str+7 Dex+2}
Stlth   ++........              (no amulet)
HPRegen 0.00/turn               v - +6 ring of strength
MPRegen 0.21/turn               B - +6 ring of dexterity

@: inhibited regen, repel missiles
A: claws 1, cold resistance 1, negative energy resistance 3, inhibited
regeneration, torment resistance 2
a: Renounce Religion, Upheaval, Elemental Force


You were on level 13 of the Dungeon.
You worshipped Qazlal.
Qazlal was greatly pleased with you.
You visited 2 branches of the dungeon, and saw 14 of its levels.
You visited the Abyss 1 time.
You also visited: Ice Cave.

You collected 824 gold pieces.
You spent 114 gold pieces at shops.

Inventory:

Hand Weapons
 E - a +1 fustibalus of freezing
Armour
 d - a +2 cloak (worn)
 f - the +0 pair of boots of Amelioration (worn) {rN+ Str+7 Dex+2}
   (You acquired it on level 6 of the Dungeon)

   Str:       It affects your strength (+7).
   Dex:       It affects your dexterity (+2).
   rN:        It protects you from negative energy.
 k - the +1 buckler of Infinity (worn) {rElec MP+9 Int+9}
   (You found it on level 2 of the Dungeon)

   Int:       It affects your intelligence (+9).
   rElec:     It insulates you from electricity.
   MP:        It affects your magic capacity (+9).
 t - a +0 helmet (worn)
 C - the +4 skin of Zhor (worn) {*Englaciate rC+++ SInv}
   (You found it in an ice cave)

   It radiates cold, occasionally slowing all nearby creatures who are not
   resistant to cold.
   rC:        It renders you almost immune to cold.
   SInv:      It lets you see invisible.
 D - a +1 buckler of cold resistance
Jewellery
 v - a +6 ring of strength (left claw)
 y - a ring of wizardry
 B - a +6 ring of dexterity (right claw)
Wands
 j - a wand of mindburst (9)
 w - a wand of paralysis (10)
 x - a wand of iceblast (11)
Scrolls
 a - 2 scrolls of enchant weapon
 b - 2 scrolls of amnesia
 g - 3 scrolls of enchant armour
 p - 3 scrolls of immolation
 q - 2 scrolls of blinking
 s - a scroll of teleportation
 z - a scroll of magic mapping
Potions
 c - 9 potions of curing
 e - 4 potions of haste
 h - 3 potions of resistance
 i - 2 potions of brilliance
 l - 3 potions of flight
 m - 2 potions of might
 o - 3 potions of cancellation
 r - a potion of ambrosia {unknown}
 u - 2 potions of degeneration {unknown}
 G - a potion of heal wounds {unknown}


   Skills:
 * Level 11.5 Fighting
 - Level 8.5 Armour
 + Level 9.4 Dodging
 - Level 2.5 Stealth
 - Level 5.3 Shields
 * Level 11.5 Unarmed Combat
 + Level 10.7 Invocations


You had 12 spell levels left.
You didn't know any spells.
Your spell library contained the following spells:

 Spells                   Type           Power      Damage    Failure   Level
 Animate Skeleton         Necr           0%         N/A       36%         1
 Freeze                   Ice            0%         1d3       36%         1
 Magic Dart               Conj           0%         1d3       36%         1
 Pain                     Necr           0%         1d4       36%         1
 Slow                     Hex            0%         N/A       36%         1
 Call Imp                 Summ           0%         N/A       50%         2
 Scorch                   Fire           0%         2d5       50%         2
 Call Canine Familiar     Summ           0%         N/A       73%         3
 Confusing Touch          Hex            0%         N/A       73%         3
 Mephitic Cloud           Conj/Pois/Air  0%         N/A       73%         3
 Ozocubu's Armour         Ice            0%         N/A       73%         3
 Portal Projectile        Hex/Tloc       0%         N/A       73%         3
 Tukima's Dance           Hex            0%         N/A       73%         3
 Vampiric Draining        Necr           0%         2d6       73%         3
 Flame Wave               Conj/Fire      0%         2d4       98%         4
 Leda's Liquefaction      Hex/Erth       0%         N/A       98%         4
 Olgreb's Toxic Radiance  Pois           0%         N/A       98%         4
 Passage of Golubria      Tloc           0%         N/A       98%         4
 Petrify                  Tmut/Erth      0%         N/A       98%         4
 Freezing Cloud           Conj/Ice/Air   0%         6-21      100%        5
 Irradiate                Conj/Tmut      0%         3d13      100%        5
 Lee's Rapid Deconstruct  Erth           0%         3d5*      100%        5
 Silence                  Hex/Air        0%         N/A       100%        5
 Yara's Violent Unravell  Hex/Tmut       0%         3d3       100%        5
 Simulacrum               Ice/Necr       0%         N/A       100%        6
 Summon Cactus Giant      Summ           0%         N/A       100%        6
 Ozocubu's Refrigeration  Ice            0%         4d5       100%        7
 Ignition                 Fire           0%         3d3       100%        8
 Lehudib's Crystal Spear  Conj/Erth      0%         10d2      100%        8
 Polar Vortex             Ice            0%         N/A       100%        9
 Sublimation of Blood     Necr           Unusable   N/A       N/A         2
 Statue Form              Tmut/Erth      Unusable   N/A       N/A         6

Dungeon Overview and Level Annotations

Branches:
Dungeon (13/15)            Temple (1/1) D:4            Lair (0/6) D:11
    Orc (0/2) D:10         Vaults (0/5) D:13          IceCv (visited)

Altars:
Ashenzari
Cheibriados
Dithmenos
Elyvilon
Fedhas
Gozag
Hepliaklqana
Kikubaaqudgha
Makhleb
Nemelex Xobeh
Okawaru
Qazlal
Ru
Sif Muna
Trog
Uskayaw
Vehumet
Wu Jian
Xom
Yredelemnul
Zin
The Shining One

Shops:
D:9 ?

Annotations:
D:4 3 runed translucent doors, Barbarella's ghost, novice MiBe


Innate Abilities, Weirdness & Mutations

You thrive by killing the living.
You are immune to poison.
You have sharp fingernails.
Your flesh is cold resistant. (rC+)
You are immune to negative energy. (rN+++)
You do not regenerate when monsters are visible.
You are immune to unholy pain and torment.


Message History

The boulder beetle stops rolling and uncurls.
There is a large open door here.
You claw the boulder beetle!
The boulder beetle is heavily wounded.
The boulder beetle leaps!
The boulder beetle curls into a ball and begins rolling!
You scratch the boulder beetle.
The boulder beetle is heavily wounded.
The boulder beetle misses you.
The boulder beetle stops rolling and uncurls.
You barely miss the boulder beetle.
The boulder beetle is heavily wounded.
The boulder beetle waves its antennae.
The boulder beetle bites you!!
You scratch the boulder beetle.
The boulder beetle is severely wounded.
You radiate an aura of cold.
The boulder beetle resists.
The boulder beetle bites you!!
You barely miss the boulder beetle.
The boulder beetle is severely wounded.
You claw the boulder beetle!
The boulder beetle is severely wounded.
You block the boulder beetle's attack.
You scratch the boulder beetle but do no damage.
The boulder beetle is severely wounded.
You block the boulder beetle's attack.
You scratch the boulder beetle but do no damage.
The boulder beetle is severely wounded.
The boulder beetle bites you!!
* * * LOW HITPOINT WARNING * * *
You scratch the boulder beetle.
The boulder beetle is severely wounded.
The boulder beetle closely misses you.
You scratch the boulder beetle but do no damage.
The boulder beetle is severely wounded.
You block the boulder beetle's attack.
You scratch the boulder beetle but do no damage.
The boulder beetle is severely wounded.
The boulder beetle bites you!!
You die...

#.......##....##
##...........
#.....######...##
###.......#.... #....##
##...###........####..
#...## ##..............#
##. ##..##
#######..############ #eB.#
#[[...#..#.....#.#..#
##°.##
#.....#..#.....#..### ##°.#
#.☼.B☼#..#.....#...## ##..#
#...@.#..).....#....# ##..#
#...°°#.)).....###...
#..#######''#.)#########...
#.........................
#.........)..............
#..####''#.)#########.#.
#..#.....#..'.....##..#.
#.....#..'.....#.....
#.....#).#.....#.....


You could see a boulder beetle.

Vanquished Creatures
  Nessos (D:13)
  Snorg (D:10)
  A boulder beetle (D:10)
  2 centaur warriors (D:13)
  3 two-headed ogres
  A tengu warrior (D:13)
  2 bog bodies (IceCv)
  3 ugly things (D:12)
  5 deep elf pyromancers (D:13)
  3 cyclopes
  A manticore (D:12)
  Joseph (D:10)
  An ice statue (IceCv)
  A guardian serpent (D:9)
  2 gargoyles
  Maggie (D:10)
  A komodo dragon (D:12)
  An ice devil (IceCv)
  2 unseen horrors (D:12)
  2 entropy weaver simulacra (IceCv)
  4 trolls
  2 wyverns (D:8)
  2 dire elephant simulacra (IceCv)
  11 yaks
  2 wraiths
  A fire elemental (D:9)
  A steam dragon (D:9)
  A harpy simulacrum (IceCv)
  3 death yak simulacra (IceCv)
  An acid dragon (D:10)
  4 water moccasins
  Duvessa (D:5)
  4 orc warriors
  2 black bears
  2 ice beasts
  2 sky beasts
  4 necrophages (D:10)
  A hornet zombie (D:6)
  2 ogres
  6 centaurs
  2 phantoms
  5 bullfrogs
  A wyvern zombie (D:7)
  2 water moccasin zombies (D:6)
  5 two-headed ogre simulacra (IceCv)
  4 scorpions
  3 cane toad simulacra (IceCv)
  A gnoll sergeant (D:9)
  Dowan (D:5)
  An elephant simulacrum (IceCv)
  7 killer bees
  5 wights
  9 centaur zombies
  5 hounds
  A centaur skeleton (D:6)
  4 jellies
  3 orc priests
  3 iguanas
  7 orc wizards
  5 troll simulacra (IceCv)
  6 spriggan simulacra (IceCv)
  2 polar bear simulacra (IceCv)
  A killer bee zombie (D:6)
  A wolf simulacrum (IceCv)
  A hound skeleton (D:4)
  3 mummies
  5 gnolls (D:9)
  A howler monkey skeleton (D:4)
  7 adders
  5 naga simulacra (IceCv)
  19 white imps
  6 ufetubi
  An adder skeleton (D:5)
  A worm (D:2)
  3 dart slugs
  49 orcs
  5 endoplasms
  4 giant cockroaches
  5 goblins
  3 hobgoblins
  9 jackals
  3 kobolds
  3 quokkas
  6 ball pythons
  7 bats
  8 frilled lizards
  3 rats
332 creatures vanquished.

Vanquished Creatures (collateral kills)
  An ironbound preserver (D:13)
  Erolcha (D:9)
  A hydra (D:13)
  A kobold demonologist (D:13)
  2 slime creatures (D:12)
6 creatures vanquished.

Vanquished Creatures (others)
  A white imp (IceCv)
  3 demonic plants (Abyss:2)
  40 fungi
  35 plants
  3 withered plants (D:10)
82 creatures vanquished.

Grand Total: 420 creatures vanquished

Notes
Turn   | Place    | Note
-------+----------+-------------------------------------------
     0 | D:1      | HallandMoats the Ghoul Monk began the quest for the Orb.
     0 | D:1      | Reached XP level 1. HP: 19/19 MP: 0/0
    67 | D:1      | Reached XP level 2. HP: 25/26 MP: 1/1
   116 | D:1      | Found a faded altar of an unknown god.
   407 | D:1      | Reached XP level 3. HP: 19/33 MP: 2/2
  1043 | D:2      | Identified the +1 leather armour of the Equator {Str+4}
  1096 | D:2      | Reached skill level 1 in Armour
  1096 | D:2      | Reached XP level 4. HP: 39/40 MP: 3/3
  1257 | D:2      | Identified the +1 buckler of Infinity {rElec MP+9 Int+9}
  2288 | D:4      | Found a staircase to the Ecumenical Temple.
  2454 | D:4      | Found a runed translucent gate.
  2455 | D:4      | Found a runed translucent gate.
  2456 | D:4      | Found a runed translucent gate.
  2456 | D:4      | Noticed a kobold brigand
  2457 | D:4      | Noticed Barbarella's ghost (novice MiBe)
  2469 | D:4      | Reached skill level 1 in Shields
  2469 | D:4      | Reached XP level 5. HP: 22/47 MP: 4/4
  2764 | D:4      | Reached XP level 6. HP: 49/53 MP: 5/5
  3380 | D:5      | Entered Level 5 of the Dungeon
  3380 | D:5      | Found a snail-covered altar of Cheibriados.
  3401 | D:5      | Reached skill level 5 in Fighting
  3401 | D:5      | Reached skill level 5 in Unarmed Combat
  3480 | D:5      | Reached XP level 7. HP: 60/61 MP: 6/6
  4237 | D:5      | Noticed Duvessa
  4242 | D:5      | Noticed Dowan
  4257 | D:5      | Killed Duvessa
  4268 | D:5      | Killed Dowan
  4269 | D:5      | Reached XP level 8. HP: 38/70 MP: 7/7
  4786 | Temple   | Entered the Ecumenical Temple
  4899 | Temple   | Became a worshipper of Qazlal Stormbringer
  4899 | Temple   | Reached * piety under Qazlal
  4899 | Temple   | Reached ** piety under Qazlal
  5195 | D:6      | Found a broken altar of Ashenzari.
  6243 | D:6      | Reached XP level 9. HP: 64/79 MP: 8/8
  6325 | D:6      | Found a snail-covered altar of Cheibriados.
  6367 | D:6      | Identified a scroll of acquirement
  6368 | D:6      | Acquired the +0 pair of boots of Amelioration {rN+ Str+7
                  | Dex+2}
  6702 | D:7      | Reached skill level 5 in Shields
  7432 | D:8      | Reached skill level 1 in Invocations
  7765 | D:8      | Reached skill level 5 in Dodging
  7803 | D:8      | Reached XP level 10. HP: 61/88 MP: 11/11
  7871 | D:8      | Found an iron altar of Okawaru.
  8037 | D:8      | Reached *** piety under Qazlal
  9009 | D:9      | Noticed Erolcha
  9040 | D:9      | Cast into level 2 of the Abyss (Erolcha)
  9070 | Abyss:2  | Noticed a guardian serpent
  9125 | D:9      | Escaped the Abyss
  9515 | D:9      | Found a hazy altar of Hepliaklqana.
  9587 | D:9      | Killed Erolcha
  9588 | D:9      | Reached skill level 5 in Armour
  9588 | D:9      | Reached skill level 5 in Invocations
  9603 | D:9      | Found a burning altar of Makhleb.
  9604 | D:9      | Found a sparkling altar of Nemelex Xobeh.
  9728 | D:9      | Killed a guardian serpent
 10301 | D:9      | Found Ykoaziplycs's Magic Scroll Boutique.
 10308 | D:9      | Bought a scroll of magic mapping for 42 gold pieces
 10308 | D:9      | Bought a scroll of identify for 24 gold pieces
 10308 | D:9      | Bought a scroll of identify for 24 gold pieces
 10308 | D:9      | Bought a scroll of identify for 24 gold pieces
 10517 | D:10     | Entered Level 10 of the Dungeon
 10569 | D:10     | Reached XP level 11. HP: 68/97 MP: 14/14
 11045 | D:10     | Noticed a two-headed ogre
 11052 | D:10     | Killed a two-headed ogre
 11243 | D:10     | Found a staircase to the Orcish Mines.
 11344 | D:10     | Noticed Joseph
 11356 | D:10     | Noticed Maggie
 11358 | D:10     | Killed Joseph
 11672 | D:10     | Found a shimmering blue altar of Sif Muna.
 11828 | D:10     | Noticed Snorg
 11841 | D:10     | Killed Snorg
 12470 | D:11     | Noticed a cyclops
 12482 | D:11     | Killed a cyclops
 12767 | D:11     | Noticed a boulder beetle
 12807 | D:10     | Killed Maggie
 13011 | D:10     | Killed a boulder beetle
 13224 | D:11     | Noticed a two-headed ogre
 13236 | D:11     | Killed a two-headed ogre
 13452 | D:11     | Reached XP level 12. HP: 106/106 MP: 17/17
 13483 | D:11     | Found a staircase to the Lair.
 13603 | D:11     | Reached **** piety under Qazlal
 13611 | D:11     | Reached skill level 10 in Unarmed Combat
 13847 | D:12     | Reached skill level 10 in Fighting
 13874 | D:12     | Found a frozen archway.
 13912 | IceCv    | Entered an ice cave
 14901 | IceCv    | Found the +4 skin of Zhor {*Englaciate rC+++ SInv}
 14961 | IceCv    | Reached ***** piety under Qazlal
 15594 | IceCv    | Got Sif Muna's Handbook of Cold
 15692 | D:12     | Noticed a two-headed ogre
 15700 | D:12     | Killed a two-headed ogre
 16807 | D:12     | Reached skill level 10 in Invocations
 17662 | D:12     | Reached XP level 13. HP: 103/114 MP: 19/19
 17845 | D:13     | Noticed Nessos
 17876 | D:13     | Killed Nessos
 18653 | D:13     | Found a gate to the Vaults.
 18654 | D:13     | Noticed an ironbound preserver
 18672 | D:13     | Killed an ironbound preserver
 19015 | D:13     | Mangled by a boulder beetle

Illustrated notes

Levels and vault maps discovered:
D:1:      dpeg_arrival_rooms_with_view, layout_basic,
          ebering_ecumenical_altar_rust, minmay_lizard_pond
D:2:      layout_basic, kennysheep_generic_room_9
D:3:      layout_basic, moated_statue
D:4:      layout_loops_ring, temple_statues, gammafunk_ghost_nasty_kobolds,
          minmay_quadrilaterals
D:5:      layout_layer_cave, mainiacjoe_overflow_cross_hatched, uniq_duvessa
D:6:      layout_cave_pools, mainiacjoe_overflow_chevrons, lemuel_tele_altar,
          minmay_ruined_shrine
D:7:      layout_rooms, mainiacjoe_overflow_brackets, serial_aquarium,
          aquarium_bridge_straight [aquarium_subvault_bridge,
          aquarium_subvault_window, aquarium_subvault_bridge,
          aquarium_subvault_window], aquarium_bridge_square
          [aquarium_subvault_wall, aquarium_subvault_bridge,
          aquarium_subvault_bridge, aquarium_subvault_wall],
          aquarium_window_corner, aquarium_window_corner, aquarium_view_2a,
          aquarium_view_2f, aquarium_pool_side
D:8:      layout_layer_cave, okawaru_ov_weapons_minmay
D:9:      layout_rooms, mainiacjoe_overflow_24_doors,
          mainiacjoe_overflow_catwalk_spiral, serial_shops, shop, uniq_erolcha
D:10:     layout_loops_ring, lemuel_blue_sif_altar, hiddenorc2_lemuel,
          serial_undead, serial_undead_b, serial_undead_b, serial_undead_d,
          serial_undead_d, serial_undead_b, uniq_joseph, uniq_maggie, uniq_snorg
D:11:     layout_roguey, due_lair_maze_entry_diamond,
          chequers_serial_rivers_small_a
D:12:     layout_basic, portal_ice_cave_entry_imps,
          nicolae_concentric_dashed_squares_mild, grunt_ministairs_6,
          kennysheep_generic_room_12
D:13:     layout_layer_cave, skrybe_vaults_entry_preservation,
          worldfamousw_hep_ancestral_shrine, uniq_nessos
Temple:   dshaligram_water_room_temple

Skill      XL: |  1  2  3  4  5  6  7  8  9 10 11 12 13 |
---------------+----------------------------------------+-----
Dodging        | 3 4 5 6 7 9 |  9.4
Fighting       | 4 5 7 8 9 10 11 | 11.5
Armour         | 1 2 3 4 5 7 8 |  8.5
Unarmed Combat | 4 5 7 8 9 10 11 | 11.5
Shields        | 1 2 3 4 5 |  5.3
Invocations    | 3 6 8 10 | 10.7
Stealth        | |  2.5

Action                   |  1- 3 |  4- 6 |  7- 9 | 10-12 | 13-15 || total
-------------------------+-------+-------+-------+-------+-------++-------
Melee: Unarmed           |   112 |   135 |   279 |   733 |   107 ||  1366
       Punch             |     4 |       |       |       |       ||     4
Invok: Elemental Force   |       |       |       |     3 |     1 ||     4
  Use: Scroll            |       |     6 |     3 |    14 |     1 ||    24
       Potion            |       |       |       |     2 |       ||     2
 Stab: Sleeping          |     7 |     5 |       |       |       ||    12
       Distracted        |     1 |       |       |       |     1 ||     2
Armor: Robe              |    46 |       |       |       |       ||    46
       Leather armour    |       |    30 |    74 |   136 |       ||   240
       Animal skin       |       |       |       |    18 |    22 ||    40
Dodge: Dodged            |    77 |    60 |   147 |   325 |    66 ||   675
       Repelled          |       |       |       |     7 |     2 ||     9
Block: Buckler           |       |    28 |   107 |   359 |    76 ||   570

Table legend: (Time is in decaauts)
 A = Elapsed time spent in this place.
 B = Non-inter-level travel time spent in this place.
 C = Inter-level travel time spent in this place.
 D = Time resting spent in this place.
 E = Time spent auto-exploring this place.
 F = Levels seen in this place.
 G = Mean time per level.
                   A        B        C        D        E       F      G
               +--------+--------+--------+--------+--------+-----+--------+
         Total |  18956 |  18506 |    450 |   3582 |  11837 |  16 | 1184.8 |
       Dungeon |  17051 |  16625 |    426 |   2787 |  11131 |  13 | 1311.6 |
        Temple |    133 |    110 |     23 |      0 |    100 |   1 |  133.0 |
         Abyss |     76 |     76 |      0 |      0 |     29 |   1 |   76.0 |
      Ice Cave |   1693 |   1693 |      0 |    795 |    577 |   1 | 1693.0 |
               +--------+--------+--------+--------+--------+-----+--------+

Top non-repeatable levels by time:
    D:12: 2403 daAuts
    D:10: 2331 daAuts
     D:5: 1900 daAuts
     D:8: 1797 daAuts
   IceCv: 1693 daAuts
     D:9: 1452 daAuts
     D:4: 1165 daAuts
    D:13: 1050 daAuts
    D:11: 936 daAuts
     D:6: 932 daAuts
     D:2: 906 daAuts
     D:7: 814 daAuts
     D:3: 719 daAuts
     D:1: 639 daAuts
  Temple: 133 daAuts
